 Dungeon Crawl Stone Soup version 0.28.0-43-g3370ac3207 (webtiles) character file.

Game seed: 2380187859194518817

63302 Peloso the Fencer (level 14, -6/136 HPs)
             Began as a Minotaur Fighter on Mar 3, 2022.
             Was the Champion of Okawaru.
             Mangled by a fire giant
             ... wielding a +2 great sword of flaming
              (15 damage)
             ... while paralysed by a sphinx
             ... on level 14 of the Dungeon.
             The game lasted 00:58:54 (28732 turns).

Peloso the Fencer (Minotaur Fighter)               Turns: 28732, Time: 00:58:55

Health: -6/136     AC: 31    Str: 23    XL:     14   Next: 67%
Magic:  14/14      EV:  2    Int: 11    God:    Okawaru [******]
Gold:   673        SH:  0    Dex: 18    Spells: 13/13 levels left

rFire   + . .      SeeInvis +   a - +4 scimitar (freeze)
rCold   . . .      Faith    .   c - +2 buckler
rNeg    + + .      Spirit   .   L - +5 storm dragon scales
rPois   +          Reflect  .   R - +2 hat of the Bull {rN+ Dex+2}
rElec   +          Harm     .   V - +0 cloak
rCorr   +          Rampage  .   P - +1 pair of gloves
Will    +....                   U - +1 pair of boots "Buruguf" {rN+ rCorr Stlth+}
Stlth   ..........              (no amulet)
HPRegen 0.32/turn               h - ring of Yshruffu {rF+ rCorr Slay+4 SInv}
MPRegen 0.14/turn               D - ring "Daust" {rPois Int+6 Dex+3 Slay+3}

@: paralysed, studying 5 skills
A: horns 2, retaliatory headbutt
a: Renounce Religion, Heroism, Finesse, Duel


You were on level 14 of the Dungeon.
You worshipped Okawaru.
Okawaru was exalted by your worship.
You visited 4 branches of the dungeon, and saw 21 of its levels.
You also visited: Trove, Sewer, Bailey and Volcano.

You collected 2578 gold pieces.
You spent 1905 gold pieces at shops.

Inventory:

Hand Weapons
 a - a +4 scimitar of freezing (weapon)
 b - a +0 whip of flaming
Armour
 c - a +2 buckler (worn)
 j - +0 swamp dragon scales
 L - +5 storm dragon scales (worn)
 P - a +1 pair of gloves (worn)
 R - the +2 hat of the Bull (worn) {rN+ Dex+2}
   (Okawaru gifted it to you on level 11 of the Dungeon)

   Dex:       It affects your dexterity (+2).
   rN:        It protects you from negative energy.
 U - the +1 pair of boots "Buruguf" (worn) {rN+ rCorr Stlth+}
   (Okawaru gifted it to you on level 2 of the Lair of Beasts)

   rN:        It protects you from negative energy.
   rCorr:     It protects you from acid and corrosion.
   Stlth:     It makes you more stealthy.
 V - a +0 cloak (worn)
Jewellery
 g - a ring of positive energy
 h - the ring of Yshruffu (left hand) {rF+ rCorr Slay+4 SInv}
   (You bought it in a shop on level 2 of the Orcish Mines)

   [ring of slaying]

   Slay:      It affects your accuracy & damage with ranged weapons and melee
   (+4).
   rF:        It protects you from fire.
   SInv:      It lets you see invisible.
   rCorr:     It protects you from acid and corrosion.
 m - a +4 ring of evasion
 C - a +4 ring of slaying
 D - the ring "Daust" (right hand) {rPois Int+6 Dex+3 Slay+3}
   (You took it off an orc warrior on level 8 of the Dungeon)

   [ring of intelligence]

   Int:       It affects your intelligence (+6).
   Dex:       It affects your dexterity (+3).
   Slay:      It affects your accuracy & damage with ranged weapons and melee
   (+3).
   rPois:     It protects you from poison.
 E - a ring of flight
 H - a ring of magical power
 Z - a ring of protection from cold
Wands
 s - a wand of acid (7)
 u - a wand of mindburst (5)
 F - a wand of paralysis (1)
 I - a wand of digging (3)
Scrolls
 d - 4 scrolls of fog
 k - a scroll of fear
 o - a scroll of acquirement
 q - 2 scrolls of blinking
 t - 12 scrolls of teleportation
 v - 5 scrolls of magic mapping
 y - a scroll of enchant weapon
 z - 2 scrolls of immolation
 A - a scroll of holy word
 B - 2 scrolls of amnesia
Potions
 e - 3 potions of mutation
 f - 13 potions of curing
 i - 3 potions of flight
 l - 5 potions of invisibility
 n - 9 potions of heal wounds
 p - 2 potions of resistance
 w - 6 potions of might
 x - 2 potions of magic
 G - a potion of degeneration
 K - 4 potions of ambrosia {unknown}
 Q - 2 potions of haste
Miscellaneous
 r - a phial of floods


   Skills:
 + Level 15.7 Fighting
 + Level 17.7 Long Blades
 + Level 6.3 Maces & Flails
 + Level 16.0 Armour
 + Level 5.9 Dodging
 + Level 3.0 Stealth
 + Level 13.4 Shields
 + Level 1.9 Invocations
 + Level 1.7 Evocations


You had 13 spell levels left.
You didn't know any spells.
Your spell library contained the following spells:

 Spells                   Type           Power      Damage    Failure   Level
 Beastly Appendage        Tmut           0%         N/A       87%         1
 Foxfire                  Conj/Fire      0%         2x1d4     87%         1
 Freeze                   Ice            0%         1d3       87%         1
 Magic Dart               Conj           0%         1d3       87%         1
 Pain                     Necr           0%         1d4       87%         1
 Shock                    Conj/Air       0%         1d3       87%         1
 Slow                     Hex            0%         N/A       87%         1
 Corpse Rot               Necr/Air       0%         N/A       95%         2
 Poisonous Vapours        Pois/Air       0%         N/A       95%         2
 Scorch                   Fire           0%         2d5       95%         2
 Searing Ray              Conj           0%         2d4       95%         2
 Static Discharge         Conj/Air       0%         N/A       95%         2
 Sublimation of Blood     Necr           0%         N/A       95%         2
 Wereblood                Tmut           0%         N/A       95%         2
 Confusing Touch          Hex            0%         N/A       99%         3
 Conjure Flame            Conj/Fire      0%         6-21      99%         3
 Dazzling Flash           Conj/Hex       0%         N/A       99%         3
 Frozen Ramparts          Ice            0%         1d2       99%         3
 Gell's Gravitas          Tloc           0%         N/A       99%         3
 Inner Flame              Hex/Fire       0%         N/A       99%         3
 Lesser Beckoning         Tloc           0%         N/A       99%         3
 Mephitic Cloud           Conj/Pois/Air  0%         N/A       99%         3
 Portal Projectile        Hex/Tloc       0%         N/A       99%         3
 Spider Form              Tmut/Pois      0%         N/A       99%         3
 Stone Arrow              Conj/Erth      0%         3d7       99%         3
 Teleport Other           Tloc           0%         N/A       99%         3
 Vampiric Draining        Necr           0%         2d6       99%         3
 Dispel Undead            Necr           0%         3d6       100%        4
 Flame Wave               Conj/Fire      0%         2d4       100%        4
 Hailstorm                Conj/Ice       0%         3d3       100%        4
 Ice Form                 Ice/Tmut       0%         N/A       100%        4
 Iskenderun's Mystic Bla  Conj/Tloc      0%         2d3       100%        4
 Passage of Golubria      Tloc           0%         N/A       100%        4
 Petrify                  Tmut/Erth      0%         N/A       100%        4
 Sticky Flame             Conj/Fire      0%         2d3       100%        4
 Agony                    Necr           0%         N/A       100%        5
 Blade Hands              Tmut           0%         N/A       100%        5
 Excruciating Wounds      Necr           0%         N/A       100%        5
 Freezing Cloud           Conj/Ice/Air   0%         6-21      100%        5
 Irradiate                Conj/Tmut      0%         3d14      100%        5
 Iskenderun's Battlesphe  Conj           0%         2d6       100%        5
 Yara's Violent Unravell  Hex/Tmut       0%         3d3       100%        5
 Conjure Ball Lightning   Conj/Air       0%         3x3d6     100%        6
 Starburst                Conj/Fire      0%         6d3       100%        6
 Orb of Destruction       Conj           0%         9d5       100%        7
 Chain Lightning          Conj/Air       0%         N/A       100%        9
 Fire Storm               Conj/Fire      0%         5d1       100%        9
 Tukima's Dance           Hex            Unusable   N/A       N/A         3
 Summon Ice Beast         Ice/Summ       Unusable   N/A       N/A         4
 Summon Cactus Giant      Summ           Unusable   N/A       N/A         6

Dungeon Overview and Level Annotations

Branches:
Dungeon (14/15)            Temple (1/1) D:4            Lair (4/6) D:9
 Shoals (0/4) Lair:2       Spider (0/4) Lair:4          Orc (2/2) D:12
    Elf (0/3) Orc:2        Vaults (0/5) D:14          Sewer (visited)
 Bailey (visited)         Volcano (visited)

Altars:
Ashenzari
Cheibriados
Elyvilon
Fedhas
Gozag
Hepliaklqana
Makhleb
Okawaru
Qazlal
Ru
Sif Muna
Trog
Uskayaw
Xom
Zin
The Shining One
Beogh

Shops:
D:3 *   D:10 ?   Orc:1 (   Orc:2 !(=?!

Annotations:
Lair:2 casa


Innate Abilities, Weirdness & Mutations

You have a pair of horns on your head.
You reflexively headbutt those who attack you in melee.


Message History

You struggle to resist.
The fire giant barely misses you.
You slice the fire giant!! You freeze the fire giant!
Your headbutt misses the fire giant.
The fire giant is heavily wounded.
The fire giant barely misses you.
Unknown command.
You slash the fire giant! You freeze the fire giant.
The fire giant is severely wounded.
You block the sphinx's attack.
The sphinx hits you but does no damage. x2
You block the fire giant's attack.
You slash the fire giant! You freeze the fire giant.
You headbutt the fire giant!
The fire giant is almost dead.
The sphinx casts a spell.
You suddenly lose the ability to move!
The fire giant hits you but does no damage.
The sphinx hits you!
The sphinx hits you but does no damage. x2
The fire giant hits you with a +2 great sword of flaming!!
The fire giant burns you.
The sphinx casts a spell.
Something smites you!
The sphinx hits you but does no damage. x3
The fire giant hits you with a +2 great sword of flaming!!
The fire giant burns you.
The sphinx hits you but does no damage. x3
The fire giant hits you but does no damage.
The sphinx hits you but does no damage. x3
The fire giant hits you with a +2 great sword of flaming!
* * * LOW HITPOINT WARNING * * *
The fire giant burns you.
* * * LOW HITPOINT WARNING * * *
The sphinx hits you but does no damage. x3
The fire giant hits you with a +2 great sword of flaming!!
* * * LOW HITPOINT WARNING * * *
The fire giant burns you.
* * * LOW HITPOINT WARNING * * *
The sphinx hits you but does no damage. x3
The fire giant hits you with a +2 great sword of flaming!
You die...

.................................
.#####'#########'#########'#####.
.#...)#.#.(# ##.#.# #.......##.
.#...#.#.#.###.###.# #...###...#.
.#...#.#..###.## ##.##... ##..#.
.#...#.###.#.##) [##.#.# ##.#.
.'..#.#...#'.#.[#|.#.+. #.'.
.#.)#..###.#.##C)H##.# ###.
.#)#.##....##.##@##.# #.
.#)##......# #.#.#.# #.
.##))......# #.#.# #.
.#####'##### ###'### ####+#####.
.# ..... ##.....####.......##. .#
.#.#.# #.......##..#####..#. .#
.....#...#.#...#.##...##.#. .# .#
#.#..##.##..#.#.....#.#. (. .'..
.#....'.#.......+.


You could see a fire giant and a sphinx.

Vanquished Creatures
  Nessos (D:14)
  A red draconian (Volcano)
  A fire dragon (D:14)
  2 boulder beetles
  3 catoblepae (D:14)
  6 centaur warriors
  9 hydras
  The ghost of Horrz the Fighter, a novice MiFi of Gozag (D:9)
  A dancing weapon (D:9)
  An alligator (Lair:4)
  3 two-headed ogres
  3 tengu warriors
  3 orc high priests (Orc:2)
  A goliath frog (Lair:4)
  2 swamp dragons (Lair:4)
  A lindwurm (Lair:3)
  5 orc knights
  Pikel (D:4)
  3 deep elf pyromancers
  5 cyclopes
  4 ugly things
  5 orc sorcerers
  4 manticores
  The ghost of doomsgape the Basher, a novice OgFi of Okawaru (D:5)
  3 black mambas
  A centaur zombie (D:11)
  A rime drake (shapeshifter) (D:14)
  An unseen horror (shapeshifter) (D:14)
  3 kobold demonologists
  5 cane toads
  A rime drake (Lair:1)
  A yaktaur (Volcano)
  11 komodo dragons
  A tengu conjurer (D:14)
  A polar bear (Lair:1)
  A meliai (D:14)
  8 trolls
  A wind drake (shapeshifter) (D:13)
  A wolf spider simulacrum (D:14)
  A polar bear (shapeshifter) (D:14)
  A blink frog (shapeshifter) (D:14)
  3 slime creatures (D:12)
  A dream sheep (Lair:1)
  3 blink frogs (Lair:2)
  2 jumping spiders (Lair:4)
  2 culicivoras (Lair:4)
  A vampire (D:14)
  Sigmund (D:3)
  2 wraiths (D:12)
  2 wyverns
  3 basilisks
  36 yaks
  Menkaure (D:5)
  2 vampire mosquitoes (Lair:4)
  An acid dragon (D:9)
  2 swamp worms (Lair:4)
  8 water moccasins
  Duvessa (D:4)
  2 swamp drakes (Lair:4)
  3 black bears
  21 orc warriors
  A necrophage (D:4)
  2 sky beasts (D:6)
  8 ogres
  A wolf (Lair:2)
  16 centaurs
  A phantom (D:4)
  Blork the orc (D:4)
  11 bullfrogs
  4 kobold brigands
  2 gnoll sergeants (D:5)
  2 scorpions
  A wyvern zombie (D:8)
  Dowan (D:4)
  4 killer bees (D:7)
  7 wights
  7 howler monkeys
  An electric eel (D:10)
  A crimson imp (D:6)
  3 jellies
  A bullfrog skeleton (D:7)
  18 orc priests
  4 gnoll shamans
  2 hounds
  An iguana (D:6)
  Ijyb (D:4)
  19 orc wizards
  A howler monkey zombie (D:8)
  20 gnolls
  9 adders
  6 river rats (Sewer)
  A shadow imp (D:7)
  2 white imps (D:6)
  An ufetubus (D:5)
  4 worms
  88 orcs
  11 ball pythons
  11 endoplasms
  A giant cockroach (D:1)
  6 goblins
  9 hobgoblins
  7 jackals
  2 quokkas (D:4)
  5 bats
  4 frilled lizards
  26 kobolds
  28 rats
  A bush (Lair:2)
  A butterfly (Lair:4)
570 creatures vanquished.

Vanquished Creatures (others)
  An orc (Orc:2)
  6 fungi
  11 plants
18 creatures vanquished.

Grand Total: 588 creatures vanquished

Notes
Turn   | Place    | Note
-------+----------+-------------------------------------------
     0 | D:1      | Peloso the Minotaur Fighter began the quest for the Orb.
     0 | D:1      | Reached XP level 1. HP: 19/19 MP: 0/0
   155 | D:1      | Reached XP level 2. HP: 27/27 MP: 1/1
   437 | D:1      | Reached XP level 3. HP: 33/33 MP: 2/2
  1001 | D:2      | Reached skill level 3 in Long Blades
  1560 | D:3      | Found Iwaoreih's General Store.
  1563 | D:3      | Found a burning altar of Makhleb.
  1570 | D:3      | Reached XP level 4. HP: 32/40 MP: 3/3
  1965 | D:3      | Noticed Sigmund
  1970 | D:3      | Killed Sigmund
  1971 | D:3      | Reached skill level 4 in Long Blades
  1971 | D:3      | Reached skill level 5 in Armour
  1971 | D:3      | Reached XP level 5. HP: 31/47 MP: 4/4
  2092 | D:3      | Found a faded altar of an unknown god.
  2483 | D:3      | Reached skill level 5 in Long Blades
  2790 | D:4      | Noticed a lemure
  2790 | D:4      | Noticed Pikel
  2798 | D:4      | Noticed a lemure
  2804 | D:4      | Noticed a lemure
  2806 | D:4      | Killed Pikel
  2807 | D:4      | Reached skill level 5 in Fighting
  2807 | D:4      | Reached skill level 6 in Long Blades
  2807 | D:4      | Reached XP level 6. HP: 23/56 MP: 5/5
  2807 | D:4      | Reached XP level 7. HP: 25/61 MP: 6/6
  3033 | D:4      | Reached skill level 5 in Shields
  3038 | D:4      | Found a staircase to the Ecumenical Temple.
  3056 | Temple   | Entered the Ecumenical Temple
  3159 | Temple   | Became a worshipper of Warmaster Okawaru
  3214 | D:4      | Noticed Ijyb
  3220 | D:4      | Killed Ijyb
  3260 | D:4      | Reached skill level 7 in Long Blades
  3664 | D:4      | Noticed Duvessa
  3664 | D:4      | Noticed Dowan
  3679 | D:4      | Killed Duvessa
  3690 | D:4      | Killed Dowan
  3691 | D:4      | Reached XP level 8. HP: 10/69 MP: 7/7
  3980 | D:4      | Found a shimmering blue altar of Sif Muna.
  4056 | D:4      | Noticed Blork the orc
  4067 | D:4      | Killed Blork the orc
  4167 | D:5      | Entered Level 5 of the Dungeon
  4197 | D:5      | Found a glowing drain.
  4225 | D:5      | Reached * piety under Okawaru
  4239 | Sewer    | Entered a sewer
  4388 | Sewer    | Reached skill level 1 in Dodging
  4686 | Sewer    | Reached skill level 8 in Long Blades
  5081 | Sewer    | Reached skill level 1 in Stealth
  5770 | D:5      | Noticed Menkaure
  5777 | D:5      | Killed Menkaure
  5860 | D:5      | Reached skill level 9 in Long Blades
  5973 | D:5      | Reached ** piety under Okawaru
  6359 | D:5      | Reached XP level 9. HP: 45/78 MP: 8/8
  6513 | D:5      | Identified the ring of Yrghopow {Drain rPois Int+6 Dex+4}
  6606 | D:5      | Found a sacrificial altar of Ru.
  6896 | D:5      | Noticed doomsgape's ghost (novice OgFi)
  6915 | D:5      | Found a transporter.
  6921 | D:5      | Found a transporter.
  7577 | D:6      | Reached skill level 10 in Long Blades
  7619 | D:6      | Found a white marble altar of Elyvilon.
  8317 | D:7      | Reached *** piety under Okawaru
  9311 | D:7      | Found a stormy altar of Qazlal.
  9311 | D:7      | Found an opulent altar of Gozag.
  9667 | D:8      | Reached skill level 10 in Armour
 10072 | D:8      | Reached skill level 11 in Long Blades
 10072 | D:8      | Identified the ring "Daust" {rPois Int+6 Dex+3 Slay+3}
 10559 | D:7      | Reached XP level 10. HP: 49/85 MP: 6/9
 11232 | D:8      | Found a glowing golden altar of the Shining One.
 11498 | D:8      | Found a blossoming altar of Fedhas.
 11712 | D:9      | Received a gift from Okawaru
 11724 | D:9      | Reached **** piety under Okawaru
 11921 | D:9      | Found a runed translucent door.
 11921 | D:9      | Found a shimmering altar of Xom.
 11921 | D:9      | Noticed Horrz's ghost (novice MiFi)
 11922 | D:9      | Noticed a +1 rapier of chaos
 12234 | D:9      | Reached skill level 12 in Long Blades
 12481 | D:9      | Found a staircase to the Lair.
 12905 | D:9      | Identified a scroll of acquirement
 13156 | D:5      | Killed doomsgape's ghost
 13539 | D:5      | Reached skill level 13 in Long Blades
 13978 | D:10     | Entered Level 10 of the Dungeon
 13978 | D:10     | Noticed a cyclops
 13978 | D:10     | Found Ojeevov's Magic Scroll Shop.
 14011 | D:10     | Killed a cyclops
 14012 | D:10     | Reached XP level 11. HP: 71/97 MP: 8/10
 14053 | D:10     | Found a flagged portal.
 14135 | Bailey   | Entered a bailey
 14316 | Bailey   | Noticed an orc knight
 14329 | Bailey   | Killed an orc knight
 14329 | Bailey   | Reached ***** piety under Okawaru
 14512 | Bailey   | Identified the +6 mace "Hikh" {antimagic, rF+ Int-5 Dex+7}
 14513 | Bailey   | Identified the +0 helmet "Caitagytz" {rF+}
 14626 | D:10     | Bought a scroll of enchant armour for 90 gold pieces
 14626 | D:10     | Bought a scroll of identify for 24 gold pieces
 14626 | D:10     | Bought a scroll of immolation for 42 gold pieces
 14626 | D:10     | Bought a scroll of identify for 24 gold pieces
 14710 | D:10     | Reached skill level 1 in Invocations
 15756 | D:11     | Reached skill level 1 in Evocations
 15873 | D:11     | Noticed a boulder beetle
 15892 | D:11     | Killed a boulder beetle
 15892 | D:11     | Identified the +2 hat of the Bull {rN+ Dex+2} (Okawaru
                  | gifted it to you on level 11 of the Dungeon)
 15892 | D:11     | Received a gift from Okawaru
 15893 | D:11     | Reached skill level 10 in Fighting
 16082 | D:11     | Found a portal to a secret trove of treasure.
 16130 | D:9      | Killed a +1 rapier of chaos
 16131 | D:9      | Reached skill level 14 in Long Blades
 16138 | D:9      | Killed Horrz's ghost
 16907 | Lair:1   | Entered Level 1 of the Lair of Beasts
 16969 | Lair:1   | Noticed a five-headed hydra
 16972 | Lair:1   | Noticed a six-headed hydra
 16980 | Lair:1   | Killed a five-headed hydra
 16981 | Lair:1   | Reached XP level 12. HP: 61/107 MP: 8/11
 16983 | Lair:1   | Killed a six-headed hydra
 17946 | Lair:2   | Noticed an eight-headed hydra
 17958 | Lair:2   | Killed an eight-headed hydra
 17959 | Lair:2   | Reached skill level 1 in Maces & Flails
 17970 | Lair:2   | Found a dark tunnel.
 18185 | Volcano  | Entered a volcano
 18238 | Volcano  | Noticed a centaur warrior
 18251 | Volcano  | Killed a centaur warrior
 18360 | Volcano  | Noticed a red draconian
 18377 | Volcano  | Killed a red draconian
 18853 | Lair:2   | Identified the +1 pair of boots "Buruguf" {rN+ rCorr
                  | Stlth+} (Okawaru gifted it to you on level 2 of the Lair of
                  | Beasts)
 18853 | Lair:2   | Received a gift from Okawaru
 18899 | Lair:2   | Noticed a five-headed hydra
 18901 | Lair:2   | Noticed a four-headed hydra
 18905 | Lair:2   | Reached skill level 15 in Long Blades
 18937 | Lair:1   | Killed a five-headed hydra
 19090 | Lair:1   | Killed a four-headed hydra
 19248 | Lair:2   | Noticed a four-headed hydra
 19257 | Lair:2   | Killed a four-headed hydra
 19496 | Lair:2   | Found a staircase to the Shoals.
 20187 | Lair:3   | Found a hazy altar of Hepliaklqana.
 20293 | Lair:3   | Reached skill level 5 in Maces & Flails
 20350 | Lair:3   | Noticed a six-headed hydra
 20363 | Lair:3   | Killed a six-headed hydra
 20364 | Lair:3   | Reached skill level 10 in Shields
 20364 | Lair:3   | Reached XP level 13. HP: 98/117 MP: 13/13
 20687 | Lair:3   | Identified the +1 scale mail of Itsinesch {rElec}
 21464 | Lair:4   | Found a hole to the Spider Nest.
 21869 | Lair:4   | Reached ****** piety under Okawaru
 21869 | Lair:4   | Received a gift from Okawaru
 22516 | D:11     | You paid a toll of a +6 demon trident to enter a treasure
                  | trove
 22517 | Trove    | Entered a treasure trove
 22568 | Trove    | Got Sif Muna's Almanac of Damaging Evil Rituals
 22585 | Trove    | Got Ecupt's Incunabulum of Sinister Confrontation
 22593 | Trove    | Got Sif Muna's Papyrus of the Destructive Traveller
 23495 | D:12     | Found a staircase to the Orcish Mines.
 23559 | Orc:1    | Entered Level 1 of the Orcish Mines
 23582 | Orc:1    | Reached skill level 15 in Armour
 23719 | Orc:1    | Found Caikhor's Firing Range.
 23729 | Orc:1    | Reached skill level 16 in Long Blades
 24098 | Orc:2    | Entered Level 2 of the Orcish Mines
 24421 | Orc:2    | Found a staircase to the Elven Halls.
 24496 | Orc:2    | Found Gumifum's Distillery.
 24562 | Orc:2    | Bought 2 potions of heal wounds for 160 gold pieces
 25398 | Orc:2    | Reached skill level 5 in Dodging
 25766 | Orc:2    | Reached XP level 14. HP: 132/132 MP: 14/14
 25799 | Orc:2    | Found Neffo's Distillery.
 25799 | Orc:2    | Found Quogo's Magic Scroll Emporium.
 25801 | Orc:2    | Found Ymised's Jewellery Shop.
 25801 | Orc:2    | Found Kuawk's Weapon Emporium.
 25933 | Orc:2    | Bought a potion of degeneration for 11 gold pieces
 25938 | Orc:2    | Bought a scroll of enchant armour for 90 gold pieces
 25938 | Orc:2    | Bought a scroll of identify for 24 gold pieces
 25938 | Orc:2    | Bought a scroll of identify for 24 gold pieces
 25938 | Orc:2    | Bought a scroll of enchant armour for 90 gold pieces
 25938 | Orc:2    | Bought a scroll of identify for 24 gold pieces
 25958 | Orc:2    | Bought the ring of Yshruffu {rF+ rCorr Slay+4 SInv} for
                  | 1214 gold pieces
 25964 | Orc:2    | Bought a potion of mutation for 88 gold pieces
 26279 | D:13     | Found a hazy altar of Hepliaklqana.
 26568 | D:13     | Identified the +2 pair of boots "Zokir" {Harm rPois rN+}
                  | (Okawaru gifted it to you on level 13 of the Dungeon)
 26568 | D:13     | Received a gift from Okawaru
 27294 | D:14     | Reached skill level 17 in Long Blades
 27339 | D:14     | Reached skill level 15 in Fighting
 28081 | D:14     | Noticed Nessos
 28088 | D:14     | Killed Nessos
 28303 | D:14     | Found a gate to the Vaults.
 28720 | D:14     | Noticed a fire giant
 28721 | D:14     | Noticed a sphinx
 28725 | D:14     | Paralysed by a sphinx for 7 turns
 28732 | D:14     | Mangled by a fire giant

Illustrated notes

Levels and vault maps discovered:
D:1:      psy_arrival_basics, layout_loops_ring, minmay_tetromino_l4
D:2:      layout_basic, minmay_statues_item
D:3:      layout_loops_cross, lemuel_crystal_altar, serial_co_window_serial,
          co_window_corner_a, co_window_paths_a, co_window_cross_1,
          co_window_paths_b, co_window_paths_a, co_window_corner_a,
          co_window_paths_a, co_window_paths_a, co_window_of_opportunity_a,
          co_window_broadway_a, co_window_2corner, co_window_unsneaky_path_d,
          glass_columns_b, glass_columns_a, glass_columns_c, glass_columns_c,
          serial_shops, shop, ebering_ecumenical_altar_hall, uniq_sigmund
D:4:      layout_basic, mainiacjoe_overflow_24_doors, minmay_temple_entry_hall,
          uniq_pikel, uniq_blork_the_orc, uniq_ijyb, uniq_duvessa
D:5:      layout_gridville, mainiacjoe_overflow_catwalk, portal_sewer_entry_a,
          gammafunk_ghost_gnarly_gnolls, chequers_serial_rivers_room_b,
          uniq_menkaure
D:6:      layout_basic, elyvilon_altar_5, minmay_fire_ice_demons
D:7:      layout_basic, amethyst_overflow_temple_binary, minmay_crystal_room
D:8:      layout_basic, lemuel_coloured_pillars_altar,
          nicolae_overflow_hidden_temple
D:9:      layout_cave_pods, grunt_lair_entry_orc_guard_hut, ebering_ghost_xom
D:10:     layout_stronghold, enter_bailey_4, kennysheep_cross_bottleneck,
          nicolae_stop_n_shop_1
D:11:     layout_layer_cave, enter_trove_2
D:12:     layout_basic, hiddenorc1_lemuel
D:13:     layout_basic, nicolae_hepliaklqana_hippocampus
D:14:     minmay_the_grid_3x2 [minmay_the_grid_minigrid_small,
          minmay_the_grid_plusring, minmay_the_grid_dragon_b,
          minmay_the_grid_expand, minmay_the_grid_dragon_a,
          minmay_the_grid_prize_diamond_cup], layout_cave_pods, uniq_nessos
Temple:   dpeg_chambers_temple
Lair:1:   layout_small_grid, grunt_forest_small_clearings
Lair:2:   layout_hall_layers, shoals_dummy_entry, enter_volcano_1, minivault_26,
          hangedman_lair_generics_rect
Lair:3:   layout_chaotic_city, basic_altar, st_stairs_6, grunt_megastairs_1,
          lemuel_fruit_fields
Lair:4:   onia_ninara_swampy_vault, layout_hall_layers,
          spider_nest_entry_funnel_web, lemuel_fruit_fields
Orc:1:    layout_diamond_mine, nicolae_shop_firing_range
Orc:2:    grunt_orc_tribal_feast, layout_diamond_mine, basic_altar,
          serial_shops, shop_fountains

Skill      XL: |  1  2  3  4  5  6  7  8  9 10 11 12 13 14 |
---------------+-------------------------------------------+-----
Armour         | 4 5 6 7 8 10 11 13 14 15 16 | 16.0
Shields        | 4 5 6 8 10 12 13 | 13.4
Fighting       | 4 5 6 7 9 10 11 14 15 | 15.7
Long Blades    | 3 4 6 7 9 11 13 14 15 16 17 | 17.7
Dodging        | 1 2 3 4 5 |  5.9
Stealth        | 1 2 3 |  3.0
Invocations    | 1 |  1.9
Evocations     | 1 |  1.7
Maces & Flails | 5 6 |  6.3

Action                   |  1- 3 |  4- 6 |  7- 9 | 10-12 | 13-15 || total
-------------------------+-------+-------+-------+-------+-------++-------
Melee: Long sword        |    99 |    44 |   460 |    22 |       ||   625
       Headbutt          |    14 |     6 |    65 |   136 |   114 ||   335
       Scimitar          |       |       |       |   368 |   466 ||   834
       Whip              |       |       |       |    42 |     6 ||    48
       Mace              |       |       |       |    20 |       ||    20
Invok: Heroism           |       |       |     5 |    12 |     2 ||    19
Evoke: Wand              |       |       |       |     8 |     1 ||     9
  Use: Scroll            |     2 |       |     1 |    16 |    13 ||    32
       Potion            |       |     1 |       |       |     1 ||     2
 Stab: Paralysed         |       |       |       |       |     2 ||     2
Armor: Scale mail        |     5 |       |       |       |       ||     5
       Chain mail        |    55 |    16 |   245 |    12 |       ||   328
       Plate armour      |       |       |       |    71 |       ||    71
       Skin              |       |       |       |     1 |       ||     1
       Storm dragon scal |       |       |       |   198 |   372 ||   570
Dodge: Dodged            |    28 |    11 |   167 |   192 |   256 ||   654
Block: Buckler           |    21 |     9 |   112 |   207 |   285 ||   634
